 Dungeon Crawl Stone Soup version 0.29.1-12-g30fa7ad0bf (webtiles) character file.

Game seed: 6305775326592529200

1813 xzight the Ruffian (level 8, -3/80 HPs)
             Began as a Troll Fighter on Dec 27, 2022.
             Was an Initiate of Okawaru.
             Slain by an orc warrior
             ... wielding a +0 glaive
              (13 damage)
             ... in a bailey.
             The game lasted 00:12:16 (5962 turns).

xzight the Ruffian (Troll Fighter)                  Turns: 5962, Time: 00:12:17

Health: -3/80      AC:  4    Str: 27    XL:     8   Next: 84%
Magic:  7/7        EV:  8    Int:  4    God:    Okawaru [......]
Gold:   261        SH:  8    Dex:  9    Spells: 7/7 levels left

rFire   . . .      SeeInvis .     - Unarmed
rCold   . . .      Faith    .   b - +0 kite shield
rNeg    . . .      Spirit   .   a - +0 robe
rPois   .          Reflect  .   (helmet restricted)
rElec   .          Harm     .   q - scarf {shadows}
rCorr   +          Rampage  .   (gloves unavailable)
Will    .....                   (boots unavailable)
Stlth   +.........              (no amulet)
HPRegen 1.03/turn               L - ring of flight
MPRegen 0.10/turn               R - ring of resist corrosion

@: mighty, flying
A: large, unfitting armour, claws 3, regeneration 1, shaggy fur 1, tough skin 1
a: Renounce Religion


You were in a bailey.
You worshipped Okawaru.
Okawaru was noncommittal.
You visited 2 branches of the dungeon, and saw 8 of its levels.
You also visited: Bailey.

You collected 357 gold pieces.
You spent 96 gold pieces at shops.


Innate Abilities, Weirdness & Mutations

You are too large for most types of armour.
You have claws for hands.
Your natural rate of healing is unusually fast.
You are covered in fur. (AC +1)
You have tough skin. (AC +1)


   Skills:
 + Level 5.0 Fighting
 + Level 5.1 Throwing
 - Level 2.4 Dodging
 + Level 5.1 Shields
 + Level 7.0 Unarmed Combat


You had 7 spell levels left.
You didn't know any spells.
Your spell library contained the following spells:

 Spells                   Type           Power      Damage    Failure   Level
 Apportation              Tloc           0%         N/A       77%         1
 Necrotise                Necr           0%         1d4       77%         1
 Sandblast                Erth           0%         2d4       77%         1
 Passwall                 Tmut/Erth      0%         N/A       88%         2
 Poisonous Vapours        Pois/Air       0%         N/A       88%         2
 Sublimation of Blood     Necr           0%         N/A       88%         2
 Wereblood                Tmut           0%         N/A       88%         2
 Dazzling Flash           Conj/Hex       0%         N/A       98%         3
 Ozocubu's Armour         Ice            0%         N/A       98%         3
 Portal Projectile        Hex/Tloc       0%         N/A       98%         3
 Stone Arrow              Conj/Erth      0%         3d7       98%         3
 Corpse Rot               Necr/Pois/Air  0%         N/A       100%        4
 Hailstorm                Conj/Ice       0%         3d3       100%        4
 Ice Form                 Ice/Tmut       0%         N/A       100%        4
 Leda's Liquefaction      Hex/Erth       0%         N/A       100%        4
 Agony                    Necr           0%         N/A       100%        5
 Metabolic Englaciation   Hex/Ice        0%         N/A       100%        5
 Silence                  Hex/Air        0%         N/A       100%        5
 Summon Small Mammal      Summ           Unusable   N/A       N/A         1
 Call Canine Familiar     Summ           Unusable   N/A       N/A         3
 Simulacrum               Ice/Necr       Unusable   N/A       N/A         6
 Summon Hydra             Summ           Unusable   N/A       N/A         7

Inventory:

Missiles
 m - 4 silver javelins (quivered)
 n - 3 throwing nets {=f}
Armour
 a - a +0 robe (worn)
 b - a +0 kite shield (worn)
 q - a scarf of shadows (worn)
Jewellery
 L - a ring of flight (left claw)
 R - a ring of resist corrosion (right claw)
Wands
 l - a wand of polymorph (14)
Scrolls
 e - a scroll of blinking {unknown}
 f - 6 scrolls of identify {@r1}
 g - 3 scrolls of teleportation {@r2}
 i - 2 scrolls of amnesia
 p - a scroll of magic mapping {unknown}
 t - a scroll of enchant armour {unknown}
 u - a scroll of immolation {unknown}
 w - a scroll of poison {unknown}
Potions
 c - 4 potions of might
 d - a potion of ambrosia
 h - 3 potions of cancellation
 j - 2 potions of haste {@q3}
 k - 3 potions of attraction {unknown}
 o - 4 potions of curing {@q1}
 r - 2 potions of heal wounds {@q2}
 s - a potion of flight {unknown}
 v - a potion of magic {unknown}

Dungeon Overview and Level Annotations

Branches:
Dungeon (7/15)             Temple (1/1) D:7          Bailey (1/1)

Altars:
Ashenzari
Cheibriados
Dithmenos
Elyvilon
Fedhas
Gozag
Hepliaklqana
Kikubaaqudgha
Okawaru
Ru
Sif Muna
Uskayaw
Vehumet
Xom
Yredelemnul
Zin
The Shining One

Shops:
D:3 **[*

Annotations:
D:2 Terence
D:3 1 exclusion, Grinder
D:5 2 transporters, styxcanada's ghost, amateur SpBr
D:6 3 runed translucent doors, ctx's ghost, novice GnFi

.≈≈ ####..≈≈≈
###.....≈≈≈≈...▒ ....
♣♣♣...♣♣..≈≈≈≈...▒▒...
♣♣......♣..≈≈≈≈....▒..▒
♣.........▒▒▒▒▒▒...▒.8▒
♣..∩..)@o..........▒..▒
♣.......)o)).......'..▒
♣..........)....)..'..▒
♣..∩...).).........▒..▒
♣.........▒▒▒▒▒▒...▒.8▒
♣♣.........≈≈≈≈....▒..▒
♣♣♣....♣..≈≈≈≈.♣.▒▒o..
###.....≈≈≈≈...▒ ....
##.♣..≈≈≈≈♣..▒ .▒▒▒


You could see an orc knight and an orc warrior (strong).


Message History

You start resting.
HP restored.
An orc knight comes into view. It is wielding a +0 trident.
The orc knight shouts!
You hear a shout!
You feel very mighty all of a sudden.
The orc knight jeers loudly.
The orc knight roars a battlecry!
An orc warrior comes into view. It is wielding a +0 glaive.
Things that are here:
a +0 spear; a +0 scale mail The orc knight hits you with a +0 trident!
You closely miss the orc knight.
The orc knight hits you with a +0 trident!
You mangle the orc knight!!
The orc knight is moderately wounded.
The orc knight hits you with a +0 trident!!
* * * LOW HITPOINT WARNING * * *
You closely miss the orc knight.
The orc knight is moderately wounded.
The orc warrior hits you from afar with a +0 glaive.
* * * LOW HITPOINT WARNING * * *
The orc knight hits you with a +0 trident!!
* * * LOW HITPOINT WARNING * * *
You barely miss the orc knight.
The orc knight is moderately wounded.
The orc warrior barely misses you. The orc knight closely misses you.
You closely miss the orc knight.
The orc knight is moderately wounded.
The orc warrior hits you from afar with a +0 glaive!
You die...

Skill      XL: |  1  2  3  4  5  6  7  8 |
---------------+-------------------------+-----
Unarmed Combat | 3 4 5 6 7 |  7.0
Shields        | 3 4 5 |  5.1
Fighting       | 3 4 5 |  5.0
Throwing       | 1 2 4 5 |  5.1
Dodging        | |  2.4

Action                   |  1- 3 |  4- 6 |  7- 9 || total
-------------------------+-------+-------+-------++-------
Melee: Unarmed           |    87 |   197 |   189 ||   473
  Use: Scroll            |       |     5 |     3 ||     8
       Potion            |       |     1 |     1 ||     2
Armor: Robe              |    32 |    42 |    38 ||   112
Dodge: Dodged            |    28 |    52 |    59 ||   139
Block: Kite shield       |    19 |    53 |    66 ||   138

Levels and vault maps discovered:
D:1:      dpeg_arrival_short_road, layout_basic, ebering_ecumenical_altar_box,
          serial_glass, glass_columns_b, glass_columns_c, glass_columns_a,
          glass_columns_b
D:2:      layout_loops_corners, uniq_terence
D:3:      layout_loops_ring, serial_shops, shop, nicolae_shop_hallway_stairs,
          shop_statue, nicolae_shop_crystal, uniq_grinder
D:4:      corexii_shantytown, layout_basic, nicolae_overflow_squiral
D:5:      layout_basic, gammafunk_ghost_arena, grunt_ministairs_15
D:6:      layout_loops_ring, pf_just_have_faith, gammafunk_ghost_nasty_kobolds
D:7:      layout_basic, jmf_multi_god_temple2, minmay_temple_entry_waves,
          enter_bailey_3
Temple:   jpeg_temple_clearing
Bailey:   bailey_polearm_elven_captive_hellmonk, bailey

Notes
Turn   | Place    | Note
-------+----------+-------------------------------------------
     0 | D:1      | xzight the Troll Fighter began the quest for the Orb.
     0 | D:1      | Reached XP level 1. HP: 22/22 MP: 0/0
   112 | D:1      | Found a faded altar of an unknown god.
   157 | D:1      | Reached XP level 2. HP: 29/29 MP: 1/1
   258 | D:1      | Reached skill level 3 in Unarmed Combat
   692 | D:2      | Reached XP level 3. HP: 36/36 MP: 2/2
   810 | D:2      | Reached skill level 4 in Unarmed Combat
  1115 | D:2      | Noticed Terence
  1386 | D:2      | Identified the +8 rapier of Atratam {drain, rPois rF+}
  1429 | D:2      | Reached XP level 4. HP: 44/44 MP: 3/3
  1584 | D:3      | Found Opteusef's General Store.
  1595 | D:3      | Bought a scroll of identify for 20 gold pieces
  1595 | D:3      | Bought a scroll of teleportation for 30 gold pieces
  1595 | D:3      | Bought a scroll of identify for 20 gold pieces
  1653 | D:3      | Found Mocryxza's General Store.
  1663 | D:3      | Bought a scroll of identify for 26 gold pieces
  1663 | D:3      | Noticed Grinder
  1746 | D:3      | Found Pefel's Antique Armour Emporium.
  2089 | D:3      | Found Qihu's Assorted Antiques.
  2435 | D:4      | Reached skill level 3 in Shields
  2595 | D:4      | Reached XP level 5. HP: 51/52 MP: 4/4
  2676 | D:4      | Reached skill level 3 in Fighting
  2872 | D:4      | Reached skill level 1 in Throwing
  2896 | D:4      | Found a white marble altar of Elyvilon.
  2897 | D:4      | Found a hide-covered altar of Uskayaw.
  3110 | D:5      | Entered Level 5 of the Dungeon
  3114 | D:5      | Noticed an acid dragon
  3161 | D:5      | Noticed an ice beast
  3248 | D:5      | Reached XP level 6. HP: 46/61 MP: 5/5
  3311 | D:5      | Reached skill level 5 in Unarmed Combat
  3396 | D:5      | Reached skill level 2 in Throwing
  3396 | D:5      | Reached skill level 4 in Shields
  3483 | D:5      | Found a transporter.
  3490 | D:5      | Noticed styxcanada's ghost (amateur SpBr)
  3496 | D:5      | Found a transporter.
  3497 | D:5      | Noticed a water moccasin
  3682 | D:5      | Reached XP level 7. HP: 68/68 MP: 6/6
  3714 | D:5      | Reached skill level 4 in Fighting
  3874 | D:5      | Reached skill level 3 in Throwing
  3898 | D:5      | Reached skill level 6 in Unarmed Combat
  4335 | D:6      | Reached skill level 4 in Throwing
  4381 | D:6      | Found a snail-covered altar of Cheibriados.
  4453 | D:6      | Reached XP level 8. HP: 31/78 MP: 7/7
  4663 | D:6      | Found a runed translucent gate.
  4664 | D:6      | Noticed ctx's ghost (novice GnFi)
  4666 | D:6      | Found a runed translucent gate.
  4668 | D:6      | Found a runed translucent gate.
  5465 | D:7      | Found a staircase to the Ecumenical Temple.
  5534 | Temple   | Entered the Ecumenical Temple
  5598 | Temple   | Became a worshipper of Warmaster Okawaru
  5758 | D:7      | Found a flagged portal.
  5770 | Bailey   | Entered a bailey
  5822 | Bailey   | Reached skill level 5 in Throwing
  5822 | Bailey   | Reached skill level 5 in Shields
  5915 | Bailey   | Reached skill level 5 in Fighting
  5915 | Bailey   | Reached skill level 7 in Unarmed Combat
  5951 | Bailey   | Noticed an orc knight
  5960 | Bailey   | HP: 8/80 [orc knight/+0 trident (23)]
  5962 | Bailey   | Slain by an orc warrior

Vanquished Creatures
  A steam dragon (D:6)
  An acid dragon (D:5)
  An ice beast (D:5)
  2 orc warriors (Bailey)
  An ogre (D:5)
  3 centaurs
  A kobold brigand (D:7)
  2 howler monkeys (D:6)
  A gnoll bouda (D:5)
  A jelly (D:5)
  6 orc priests
  3 iguanas
  7 orc wizards
  9 gnolls
  9 adders
  2 shadow imps (D:6)
  A white imp (D:6)
  2 ufetubi
  A worm (D:4)
  2 dart slugs
  28 orcs
  9 endoplasms
  15 goblins
  16 hobgoblins
  6 ball pythons
  4 bats
  A frilled lizard (D:1)
  20 kobolds
  10 rats
165 creatures vanquished.

Vanquished Creatures (others)
  2 orcs (D:7)
2 creatures vanquished.

Grand Total: 167 creatures vanquished

Table legend: (Time is in decaauts)
 A = Elapsed time spent in this place.
 B = Non-inter-level travel time spent in this place.
 C = Inter-level travel time spent in this place.
 D = Time resting spent in this place.
 E = Time spent auto-exploring this place.
 F = Levels seen in this place.
 G = Mean time per level.
                   A        B        C        D        E       F      G
               +--------+--------+--------+--------+--------+-----+--------+
         Total |   5985 |   5682 |    303 |    338 |   3909 |   9 |  665.0 |
       Dungeon |   5668 |   5385 |    283 |    265 |   3816 |   7 |  809.7 |
        Temple |    124 |    104 |     20 |      0 |     75 |   1 |  124.0 |
        Bailey |    192 |    192 |      0 |     73 |     18 |   1 |  192.0 |
               +--------+--------+--------+--------+--------+-----+--------+

Top non-repeatable levels by time:
     D:5: 1031 daAuts
     D:4: 981 daAuts
     D:6: 934 daAuts
     D:2: 915 daAuts
     D:3: 749 daAuts
     D:1: 641 daAuts
     D:7: 414 daAuts
  Bailey: 192 daAuts
  Temple: 124 daAuts

Table legend:
 A = Non-vault XP
 B = Vault XP
 C = Vault XP percentage of total XP
 D = Non-vault monster count
 E = Vault monster count
 F = Vault count percentage of total count
                 A         B        C        D         E       F
            +---------+---------+-------+---------+---------+-------
      Total |    2057 |     533 |  20.6 |     117 |      48 |  29.1
            +---------+---------+-------+---------+---------+-------
        D:1 |      35 |       0 |   0.0 |      22 |       0 |   0.0
        D:2 |      62 |       0 |   0.0 |      17 |       0 |   0.0
        D:3 |      12 |       0 |   0.0 |       9 |       0 |   0.0
        D:4 |      94 |     118 |  55.7 |      13 |      33 |  71.7
        D:5 |     786 |     117 |  13.0 |      22 |       2 |   8.3
        D:6 |     734 |       0 |   0.0 |      20 |       0 |   0.0
        D:7 |     334 |       8 |   2.3 |      14 |       4 |  22.2
     Bailey |       0 |     290 | 100.0 |       0 |       9 | 100.0
            +---------+---------+-------+---------+---------+-------
